 Dungeon Crawl Stone Soup version 0.17.1-3-g152610e (webtiles) character file.

95 Mechanique the Magician (level 4, -1/30 HPs)
             Began as a Mummy Wizard on Mar 14, 2016.
             Slain by an orc priest
             ... wielding a +0 club
              (3 damage)
             ... on level 2 of the Dungeon.
             The game lasted 00:10:41 (2712 turns).

Mechanique the Magician (Mummy Wizard)              Turns: 2712, Time: 00:10:41

Health: -1/30      AC:  2    Str: 10    XL:     4   Next: 39%
Magic:  4/10       EV: 12    Int: 21    God:
Gold:   129        SH:  0    Dex: 10    Spells: 5 memorised, 1 level left

rFire  x . .     SeeInvis .     j - +2 whip (elec)
rCold  + . .     Clarity  .     a - +0 robe
rNeg   + + +     SustAt   .     (no shield)
rPois  ∞         Gourm    +     b - +0 hat
rElec  .         Spirit   .     (no cloak)
rCorr  .         Warding  .     (no gloves)
rMut   .         Stasis   .     (no boots)
MR     .....                    i - amulet of the gourmand
Stlth  ++........               (no ring)
                                f - +3 ring of intelligence

@: not resistant to hostile enchantments, unstealthy
A: no food or potions, fire vulnerability, cold resistance 1, negative energy
resistance 3, torment resistance, unbreathing
a: no special abilities


You were on level 2 of the Dungeon.
You were not hungry.

You visited 1 branch of the dungeon, and saw 3 of its levels.

You collected 129 gold pieces.

Inventory:

Hand Weapons
 j - a +2 whip of electrocution (weapon)
Armour
 a - a +0 robe (worn)
 b - a +0 hat (worn)
Jewellery
 f - a +3 ring of intelligence (left hand)
 i - an amulet of the gourmand (around neck)
Wands
 m - a wand of fire (8)
Scrolls
 d - 2 scrolls of noise {unknown}
 e - 3 scrolls of magic mapping {unknown}
 g - 2 scrolls of identify {unknown}
 h - a scroll of recharging {unknown}
 k - a scroll of random uselessness {unknown}
 l - a scroll of fear {unknown}
 n - a scroll of immolation {unknown}
Books
 c - a book of Minor Magic

   Spells                             Type                      Level
   a - Magic Dart                     Conjuration                  1
   b - Blink                          Translocation                2
   c - Call Imp                       Summoning                    2
   d - Repel Missiles                 Charms/Air                   2
   e - Slow                           Hexes                        2
   f - Conjure Flame                  Conjuration/Fire             3
   g - Mephitic Cloud                 Conjuration/Poison/Air       3


   Skills:
 - Level 1.5 Dodging
 - Level 1.5 Stealth
 + Level 4.0 Spellcasting
 + Level 2.5 Conjurations
 - Level 0.7 Summonings
 - Level 0.7 Translocations


You had one spell level left.
You knew the following spells:

 Your Spells              Type           Power        Failure   Level  Hunger
a - Magic Dart            Conj           ##..         4%          1    N/A
b - Call Imp              Summ           #.......     14%         2    N/A
c - Blink                 Tloc           N/A          14%         2    N/A
d - Repel Missiles        Chrm/Air       #.....       17%         2    N/A
e - Mephitic Cloud        Conj/Pois/Air  #.......     30%         3    N/A

Dungeon Overview and Level Annotations

Branches:
Dungeon (3/15)

Altars:
Beogh

Annotations:
D:3 kutaczsisior's ghost, weakling TrFi


Innate Abilities, Weirdness & Mutations

You do not eat or drink.
Your flesh is vulnerable to fire.
You are immune to poison.
Your flesh is cold resistant.
You are immune to negative energy.
You are immune to unholy pain and torment.
You can survive without breathing.


Message History

Something smites you!
* * * LOW HITPOINT WARNING * * *
Casting: Magic Dart
Confirm with . or Enter, or press ? or * to list all spells.
Aiming: Magic Dart
Press: ? - help, Shift-Dir - straight line, f/p - orc priest
Aim: an orc priest, wielding a club and wearing a leather armour The magic dart hits the orc priest.
The orc priest is lightly wounded.
The orc priest hits you with a club.
* * * LOW HITPOINT WARNING * * *
Casting: Magic Dart
Confirm with . or Enter, or press ? or * to list all spells.
Aiming: Magic Dart
Press: ? - help, Shift-Dir - straight line, f/p - orc priest
Aim: an orc priest, wielding a club and wearing a leather armour (lightly wounded)
The magic dart hits the orc priest.
The orc priest is moderately wounded.
The orc priest hits you with a club.
You die...

########.........# #########.#
#.# #.# #<######### ############
#.#.......# ...........#
#.#.#####.# ##########.# #5#.#
#.# # #.# #@#.#####.##
##########.#####.o..#.....#
##............##......#...###
##.#######.##.###...#)......#####
##.#######.##.###.)......)......#
........##.........##.......###.#
##.####.##..###.##(###....### #.#
##.###.#(#..# #....# #....# #.#
##.##.###.#>###.#### #.#.## #..


You could see an orc priest and a friendly crimson imp.

Vanquished Creatures
  Jessica (D:2)
  3 adders (D:2)
  2 worms (D:2)
  A giant gecko (D:3)
  2 giant cockroaches
  5 goblins
  4 hobgoblins
  2 jackals (D:1)
  4 kobolds
  A quokka (D:2)
  5 bats
  A giant newt (D:1)
  8 rats
39 creatures vanquished.

Notes
Turn   | Place    | Note
--------------------------------------------------------------
     0 | D:1      | Mechanique the Mummy Wizard began the quest for the Orb.
     0 | D:1      | Reached XP level 1. HP: 13/13 MP: 4/4
   168 | D:1      | Reached skill level 1 in Conjurations
   470 | D:1      | Reached XP level 2. HP: 19/19 MP: 0/6
   796 | D:1      | Learned a level 2 spell: Call Imp
   799 | D:1      | Learned a level 2 spell: Blink
   802 | D:1      | Learned a level 2 spell: Repel Missiles
  1121 | D:2      | Noticed Jessica
  1137 | D:2      | Killed Jessica
  1137 | D:2      | Reached XP level 3. HP: 18/24 MP: 1/8
  1420 | D:2      | Reached XP level 4. HP: 30/30 MP: 5/9
  1458 | D:2      | Learned a level 3 spell: Mephitic Cloud
  2100 | D:3      | Found a faded altar to an unknown god.
  2182 | D:3      | Noticed kutaczsisior's ghost (weakling TrFi)
  2215 | D:3      | Reached skill level 4 in Spellcasting
  2430 | D:3      | Found a roughly hewn altar of Beogh.
  2712 | D:2      | Slain by an orc priest

Action                   |  1- 3 |  4- 6 || total
-------------------------+-------+-------++-------
Melee: Club              |     9 |       ||     9
       Whip              |     4 |     6 ||    10
 Cast: Magic Dart        |    46 |    51 ||    97
       Call Imp          |       |     3 ||     3
